 Dungeon Crawl Stone Soup version 0.25-a0-448-g1f46b9f714 (webtiles) character file.

Game seed: 12975028071999014362, levelgen mode: deterministic

1565 Linuka the Sneak (level 9, 0/65 HPs)
             Began as a Human Assassin on Feb 1, 2020.
             Was an Initiate of Dithmenos.
             Slain by a steam dragon (1 damage)
             ... on level 6 of the Dungeon.
             The game lasted 00:40:01 (9173 turns).

Linuka the Sneak (Human Assassin)                   Turns: 9173, Time: 00:40:02

Health: 0/65       AC: 11    Str: 13    XL:     9   Next: 13%
Magic:  9/9        EV: 10    Int: 11    God:    Dithmenos [......]
Gold:   492        SH:  5    Dex: 17    Spells: 8/8 levels left

rFire    . . .     SeeInvis .   p - +1 dagger (drain)
rCold    . . .     Gourm    .   r - +0 buckler
rNeg     . . .     Faith    .   b - +0 ring mail
rPois    .         Spirit   .   m - +2 helmet
rElec    .         Reflect  .   c - +0 cloak
rCorr    .         Harm     .   k - +0 pair of gloves
MR       .....                  (no boots)
Stlth    +++.......             y - amulet of magic regeneration
HPRegen  0.20/turn              (no ring)
MPRegen  0.36/turn              (no ring)

@: lethally poisoned (0 -> -1), about to teleport
A: no striking features
a: Renounce Religion


You were on level 6 of the Dungeon.
You worshipped Dithmenos.
Dithmenos was noncommittal.
You were not hungry.

You visited 2 branches of the dungeon, and saw 7 of its levels.

You collected 492 gold pieces.

Inventory:

Hand Weapons
 a - a +3 dagger
 p - a +1 dagger of draining (weapon)
Missiles
 d - 8 poisoned darts
 e - 2 curare-tipped darts
 j - 5 javelins
 Q - 68 stones (quivered)
Armour
 b - a +0 ring mail (worn)
 c - a +0 cloak (worn)
 k - a +0 pair of gloves (worn)
 m - a +2 helmet (worn)
 r - a +0 buckler (worn)
Jewellery
 y - an amulet of magic regeneration (around neck)
Wands
 o - a wand of flame (71)
Scrolls
 g - a scroll of random uselessness
 h - a scroll of fog {unknown}
 i - 4 scrolls of identify
 n - a scroll of summoning {unknown}
 u - a scroll of remove curse
 x - a scroll of enchant weapon
 A - a scroll of enchant armour {unknown}
Potions
 l - 2 potions of brilliance
 q - 2 potions of berserk rage {unknown}
 s - a potion of flight {unknown}
 v - 2 potions of heal wounds
 w - 2 potions of cancellation {unknown}
 z - 2 potions of agility {unknown}
 B - a potion of might {unknown}
 C - a potion of lignification {unknown}
Comestibles
 f - 8 rations
 D - 4 chunks of flesh


   Skills:
 + Level 4.2 Fighting
 * Level 6.0 Short Blades
 + Level 3.0 Throwing
 + Level 3.5 Armour
 - Level 1.0 Dodging
 * Level 7.6 Stealth
 + Level 3.4 Shields


You had 8 spell levels left.
You didn't know any spells.
Your spell library contained the following spells:

 Spells                   Type           Power        Failure   Level  Hunger
 Animate Skeleton         Necr           N/A          61%         1    ##.....
 Apportation              Tloc           #.....       61%         1    ##.....
 Corona                   Hex            #......      61%         1    ##.....
 Summon Small Mammal      Summ           #...         61%         1    ##.....


Dungeon Overview and Level Annotations

Branches:
Dungeon (6/15)             Temple (1/1) D:6

Altars:
Ashenzari
Dithmenos
Elyvilon
Gozag
Hepliaklqana
Makhleb
Nemelex Xobeh
Okawaru
Qazlal
Trog
Uskayaw
Vehumet
Wu Jian
Xom
Zin

Annotations:
D:6 Prince Ribbit


Message History

You take 4 damage, and have 19/65 hp.
You hit the steam dragon but do no damage.
You drain the steam dragon. The steam dragon breathes steam at you.
The ball of steam hits you.
* * * LOW HITPOINT WARNING * * *
You take 3 damage, and have 16/65 hp.
As you read the scroll of teleportation, it crumbles to dust.
You feel strangely unstable.
You are engulfed in a cloud of scalding steam.
* * * LOW HITPOINT WARNING * * *
You feel sick.
The steam dragon bites you but does no damage.
The steam dragon barely misses you.
You take 8 damage, and have 8/65 hp.
You barely miss the steam dragon.
You are engulfed in a cloud of scalding steam.
* * * LOW HITPOINT WARNING * * *
The steam dragon bites you.
You die...

##....O.#...# ####
#.....).....# #..####
##....D######
###...####....##
##.....[##[.#
#..###..).##
#...#####O## #...##
##D########## #....#
##@##.......## #...##
##§§§.........# #...#
##.§§§.........# ##.##
#.............## ###
##.............# #
#.............## ###
#.............# ###..
##............## ##....
#..)...........###....#


You could see a steam dragon and an ogre.

Levels and vault maps discovered:
D:1:      saegor_arrival_simple_d, layout_loops_corners, serial_park_tiny_2
D:2:      layout_loops_ring, grunt_gozag_breadcrumbs, makhleb_altar_promises_db,
          minmay_gold_behind_fungi, minmay_misc_feat_square
D:3:      layout_basic, minmay_bisected
D:4:      layout_rooms, lightli_temple_of_fire, lemuel_round_altar,
          lemuel_crystal_altar, minmay_rat_hole
D:5:      layout_basic, first_ration, minmay_misc_feat_cross
D:6:      minmay_recursive_quarters, layout_cave_pods, kennysheep_slug_shrine,
          minmay_temple_entry_statues_pillars, basic_altar,
          vehumet_altar_wand_db, uniq_prince_ribbit1, uniq_pikel
Temple:   grunt_temple_mini_profane

Notes
Turn   | Place    | Note
-------+----------+-------------------------------------------
     0 | D:1      | Linuka the Human Assassin began the quest for the Orb.
     0 | D:1      | Reached XP level 1. HP: 16/16 MP: 1/1
    95 | D:1      | Identified a +0 whip
   121 | D:1      | Identified a +0 leather armour (You found it on level 1 of
                  | the Dungeon)
   316 | D:1      | Identified a +0 dagger
   322 | D:1      | Reached XP level 2. HP: 15/22 MP: 2/2
   327 | D:1      | Identified a +0 club
   467 | D:1      | Identified a +0 club
   469 | D:1      | Identified a +0 club
   631 | D:1      | Identified a +0 dagger
   681 | D:1      | Identified a +2 helmet (You found it on level 1 of the
                  | Dungeon)
   698 | D:1      | Identified a +0 ring mail (You found it on level 1 of the
                  | Dungeon)
   708 | D:1      | Identified a +0 ring mail (You found it on level 1 of the
                  | Dungeon)
   744 | D:1      | Identified a +0 dagger
   896 | D:1      | Reached XP level 3. HP: 27/27 MP: 3/3
  1179 | D:2      | Identified a +1 dagger of draining
  1202 | D:2      | Identified a +0 club
  1220 | D:2      | Identified a +0 club
  1243 | D:2      | Identified a +0 pair of gloves (You found it on level 1 of
                  | the Dungeon)
  1534 | D:2      | Found an opulent altar of Gozag.
  1715 | D:2      | Reached XP level 4. HP: 33/33 MP: 4/4
  1731 | D:2      | Identified a +0 buckler (You found it on level 2 of the
                  | Dungeon)
  1732 | D:2      | Identified a +0 dagger
  1732 | D:2      | Identified a +0 leather armour
  1861 | D:2      | Found a burning altar of Makhleb.
  1861 | D:2      | Noticed a cacodemon
  2126 | D:3      | Identified a +0 whip
  2131 | D:3      | Reached skill level 5 in Stealth
  2245 | D:3      | Reached skill level 3 in Short Blades
  2250 | D:3      | Identified a +0 dagger
  2286 | D:3      | Identified a cursed -2 dagger
  2288 | D:3      | Identified a +1 hand axe of electrocution
  2293 | D:3      | Identified a +0 war axe
  2293 | D:3      | Identified a +0 hand axe
  2297 | D:3      | Reached skill level 1 in Armour
  2324 | D:3      | HP: 7/33 [orc/+0 war axe (5)]
  2325 | D:3      | Identified 2 potions of brilliance
  2344 | D:3      | Identified a +0 flail of venom
  2893 | D:3      | Reached XP level 5. HP: 22/38 MP: 5/5
  3063 | D:3      | Identified a +0 short sword
  3306 | D:3      | Identified a +0 club
  3307 | D:3      | Identified a +0 club
  4064 | D:4      | Identified a +0 halberd
  4066 | D:4      | Identified a +0 club
  4068 | D:4      | Identified a +0 halberd
  4090 | D:4      | Reached skill level 1 in Shields
  4120 | D:4      | Noticed a phantom
  4177 | D:4      | meem: I'm meem, an infobot run by MalcolmRoseGaming: Type
                  | !submeem to keep me in your games; !nomeem to shut me up
                  | forever; !meem for help; !whymeem if you want to know why
                  | meem exists. Visit http://youtube.com/malcolmrosegaming for
                  | more DCSS content.
  4251 | D:4      | HP: 7/39 [phantom (8)]
  4820 | D:3      | HP: 8/39 [phantom (7)]
  4954 | D:3      | Killed a phantom
  4954 | D:3      | Reached XP level 6. HP: 26/46 MP: 6/6
  5194 | D:4      | Found a hazy altar of Hepliaklqana.
  5234 | D:4      | Identified a ring of attention (You found it on level 4 of
                  | the Dungeon)
  5235 | D:4      | Identified 4 scrolls of identify
  5235 | D:4      | Identified 2 potions of heal wounds
  5236 | D:4      | Identified 2 scrolls of remove curse
  5258 | D:4      | Found a stormy altar of Qazlal.
  5461 | D:4      | Found a bloodstained altar of Trog.
  5540 | D:4      | Reached skill level 4 in Short Blades
  5653 | D:5      | Entered Level 5 of the Dungeon
  5873 | D:5      | Reached skill level 2 in Armour
  5873 | D:5      | Reached XP level 7. HP: 51/51 MP: 7/7
  5888 | D:5      | Identified an amulet of magic regeneration (You found it on
                  | level 5 of the Dungeon)
  5992 | D:5      | Identified a +0 short sword
  5992 | D:5      | Identified a +0 ring mail
  5992 | D:5      | Identified a +0 club
  5994 | D:5      | Identified a +0 club
  5994 | D:5      | Identified a +0 leather armour
  5995 | D:5      | Identified a +0 short sword
  5995 | D:5      | Identified a +0 chain mail
  6003 | D:5      | Identified a +0 dagger
  6016 | D:5      | Reached skill level 6 in Stealth
  6287 | D:5      | Reached skill level 3 in Fighting
  6287 | D:5      | Reached skill level 2 in Shields
  6327 | D:5      | Identified a +0 flail
  6843 | D:6      | Found a staircase to the Ecumenical Temple.
  6852 | Temple   | Entered the Ecumenical Temple
  6875 | Temple   | Became a worshipper of Dithmenos the Shadowed
  7192 | D:6      | Noticed Prince Ribbit
  7353 | D:6      | Identified a +0 giant club
  7363 | D:6      | Reached XP level 8. HP: 35/58 MP: 8/8
  8126 | D:6      | Found a radiant altar of Vehumet.
  8143 | D:6      | Identified a +0 morningstar of holy wrath
  8143 | D:6      | Identified a +0 war axe
  8143 | D:6      | Identified a +0 scale mail
  8144 | D:6      | Identified a +0 hand axe
  8144 | D:6      | Identified a +0 leather armour
  8164 | D:6      | Identified a +0 club
  8164 | D:6      | Identified a +0 leather armour
  8269 | D:6      | Identified a +0 whip of freezing
  8269 | D:6      | Identified a +0 robe
  8269 | D:6      | Noticed Pikel
  8274 | D:6      | Identified a +0 shortbow
  8285 | D:6      | Identified a +0 shortbow
  8290 | D:6      | Reached skill level 5 in Short Blades
  8317 | D:6      | Identified 2 scrolls of random uselessness
  8318 | D:6      | Identified 2 scrolls of enchant weapon
  8319 | D:6      | Identified 2 scrolls of teleportation
  8739 | D:6      | HP: 14/59 [centaur (3)]
  8741 | D:6      | Reached skill level 3 in Armour
  8838 | D:5      | Killed Pikel
  8838 | D:5      | Reached skill level 4 in Fighting
  8838 | D:5      | Reached skill level 7 in Stealth
  8838 | D:5      | Reached skill level 3 in Shields
  8838 | D:5      | Reached XP level 9. HP: 30/65 MP: 9/9
  9081 | D:6      | Identified a +0 giant club
  9102 | D:6      | Reached skill level 6 in Short Blades
  9102 | D:6      | Reached skill level 3 in Throwing
  9129 | D:6      | Identified a +0 giant club
  9171 | D:6      | HP: 16/65 [steam dragon/ball of steam (3)]
  9173 | D:6      | HP: 1/65 [steam dragon] (7)]
  9173 | D:6      | Slain by a steam dragon

Table legend:
 A = Turns spent in this place as a percentage of turns spent in the entire game.
 B = Non-inter-level travel turns spent in this place as a percentage of non-inter-level travel turns spent in the entire game.
 C = Inter-level travel turns spent in this place as a percentage of turns spent in this place.
 D = Turns resting spent in this place as a percentage of non-inter-level travel turns spent in this place.
 E = Turns spent auto-exploring this place as a percentage of non-inter-level travel turns spent in this place.
 F = Non-inter-level travel turns spent in this place divided by the number of levels of this place that you've seen.
                   A       B       C       D       E      F
               +-------+-------+-------+-------+-------+----------------------
         Total | 100.0 | 100.0 |   4.4 |  17.6 |  57.8 | 1252.4
       Dungeon |  97.7 |  98.0 |   4.1 |  17.9 |  57.1 | 1431.7
        Temple |   2.3 |   2.0 |  17.3 |   0.0 |  93.8 | 177.0
               +-------+-------+-------+-------+-------+----------------------

Table legend:
 A = Kills in this place as a percentage of kills in entire the game.
 B = Kills by you in this place as a percentage of kills by you in the entire game.
 C = Kills by friends in this place as a percentage of kills by friends in the entire game.
 D = Other kills in this place as a percentage of other kills in the entire game.
 E = Experience gained in this place as a percentage of experience gained in the entire game.
 F = Experience gained in this place divided by the number of levels of this place that you have seen.
                   A       B       C       D       E      F
               +-------+-------+-------+-------+-------+----------------------
         Total | 100.0 | 100.0 |   N/A |   N/A | 100.0 | 319.4
       Dungeon | 100.0 | 100.0 |   N/A |   N/A | 100.0 | 372.7
               +-------+-------+-------+-------+-------+----------------------

Skill      XL: |  1  2  3  4  5  6  7  8  9 |
---------------+----------------------------+-----
Stealth        | 5 6 7 |  7.6
Short Blades   | 3 4 5 6 |  6.0
Armour         | 1 2 3 |  3.5
Shields        | 1 2 3 |  3.4
Fighting       | 3 4 |  4.2
Throwing       | 3 |  3.0
Dodging        | |  1.0

Action                   |  1- 3 |  4- 6 |  7- 9 || total
-------------------------+-------+-------+-------++-------
Melee: Dagger            |   126 |   336 |   280 ||   742
Throw: Stone             |     2 |    42 |    46 ||    90
  Use: Potion            |       |     1 |       ||     1
       Scroll            |       |     2 |     4 ||     6
 Stab: Sleeping          |     4 |     4 |     4 ||    12
  Eat: Chunk             |     3 |     6 |     4 ||    13
       Ration            |       |     2 |     2 ||     4
Armor: Leather armour    |     4 |       |       ||     4
       Ring mail         |    13 |   121 |   130 ||   264
Dodge: Dodged            |    41 |   128 |   129 ||   298
Block: Buckler           |       |    52 |    46 ||    98

Vanquished Creatures
  Pikel (D:5)
  A sky beast (D:5)
  2 ogres (D:6)
  A phantom (D:3)
  2 centaurs (D:6)
  A bullfrog (D:6)
  A howler monkey (D:4)
  A crimson imp (D:6)
  2 hounds (D:5)
  2 jellies (D:5)
  An orc priest (D:5)
  2 worker ants
  A hound skeleton (D:3)
  4 gnolls (D:4)
  6 adders
  A shadow imp (D:5)
  An ooze (D:4)
  An adder skeleton (D:5)
  3 worms
  3 dart slugs
  4 leopard geckos
  14 orcs
  2 ball pythons (D:1)
  2 giant cockroaches
  8 hobgoblins
  6 jackals
  3 quokkas
  7 bats
  6 goblins
  12 kobolds
  25 rats
  A fungus (D:2)
127 creatures vanquished.

Vanquished Creatures (others)
  5 toadstools (D:2)
5 creatures vanquished.

Grand Total: 132 creatures vanquished
